 Dungeon Crawl Stone Soup version 0.16.1-30-g34a7ffa (webtiles) character file.

74 Miyamura the Chiller (level 4, -3/32 HPs)
             Began as a Merfolk Ice Elementalist on June 20, 2015.
             Slain by an ogre
             ... wielding a +0 giant club
              (19 damage)
             ... on level 4 of the Dungeon.
             The game lasted 00:08:46 (2238 turns).

Miyamura the Chiller (Merfolk Ice Elementalist)     Turns: 2238, Time: 00:08:46

Health: -3/32      AC:  3    Str:  8    XL:     4   Next: 30%
Magic:  6/8        EV: 13    Int: 19    God:
Gold:   55         SH:  0    Dex: 15    Spells: 3 memorised, 2 levels left

rFire  . . .     SeeInvis .     (no weapon)
rCold  . . .     Clarity  .     a - +0 robe
rNeg   . . .     SustAb   .     (no shield)
rPois  .         Gourm    .     (no helmet)
rElec  .         Spirit   .     (no cloak)
rCorr  .         Warding  .     (no gloves)
rMut   .         Stasis   .     g - +0 pair of boots
MR     .....                    (no amulet)
Stlth  ++........               (no ring)
                                (no ring)

@: brilliant, not resistant to hostile enchantments, unstealthy
A: change form in water, swift swim
a: no special abilities


You were on level 4 of the Dungeon.
You were not hungry.

You visited 1 branch of the dungeon, and saw 4 of its levels.

You collected 55 gold pieces.

Inventory:

Armour
 a - a +0 robe (worn)
 g - a +0 pair of boots (worn)
Scrolls
 e - a scroll of enchant weapon
 f - a scroll of random uselessness {unknown}
Potions
 d - a potion of brilliance
 h - a potion of restore abilities
Books
 b - a book of Frost

   Spells                             Type                      Level
   a - Freeze                         Ice                          1
   b - Throw Frost                    Conjuration/Ice              2
   c - Ozocubu's Armour               Charms/Ice                   3
   d - Throw Icicle                   Conjuration/Ice              4
   e - Summon Ice Beast               Ice/Summoning                4
   f - Condensation Shield            Ice                          4
Comestibles
 c - a bread ration
 i - a beef jerky
 l - a meat ration


   Skills:
 + Level 1.4 Fighting
 + Level 3.4 Dodging
 + Level 2.9 Stealth
 + Level 2.5 Spellcasting
 - Level 0.7 Conjurations
 + Level 4.0 Ice Magic


You had 2 spell levels left.
You knew the following spells:

 Your Spells              Type           Power        Failure   Level  Hunger
a - Ozocubu's Armour      Chrm/Ice       ###.....     2%          3    ###....
f - Freeze                Ice            ####         1%          1    #......
t - Throw Frost           Conj/Ice       ###...       1%          2    ##.....


Dungeon Overview and Level Annotations

Branches:
Dungeon (4/15)
 Temple: D:4-7

Altars:

Annotations:
D:3 Grinder, Sigmund


Message History

Drink which item? (? for menu, Esc to quit)
You feel clever all of a sudden.
Casting: Throw Frost
Confirm with . or Enter, or press ? or * to list all spells.
Aiming: Freeze
Press: ? - help, Shift-Dir - straight line, f - ogre
Aim: an ogre, wielding a giant club You freeze the ogre.
The ogre is lightly wounded.
The ogre barely misses you.
Casting: Freeze
Confirm with . or Enter, or press ? or * to list all spells.
Aiming: Freeze
Press: ? - help, Shift-Dir - straight line, f/p - ogre
Aim: an ogre, wielding a giant club (lightly wounded)
You freeze the ogre.
The ogre is moderately wounded.
The ogre hits you with a giant club!!
Ouch! That really hurt!
You die...

########## ###
#........###########..
#........'....#....#..
#........#....'....#..
#........#....#....#..
#.....O..#....#....#..
#....@<..#....#...)#..
##########....#....'..
#.....#....#..
#####'####+#..
#.............
#.............
#.............
#.............
#.............


You could see an ogre.

Vanquished Creatures
  A hound (D:4)
  Ijyb (D:4)
  2 ball pythons
  3 hobgoblins (D:1)
  5 bats
  3 giant cockroaches (D:1)
  2 giant geckos (D:1)
  5 giant newts
  4 goblins
  2 kobolds (D:1)
  5 rats
33 creatures vanquished.

Notes
Turn   | Place    | Note
--------------------------------------------------------------
     0 | D:1      | Miyamura, the Merfolk Ice Elementalist, began the quest for the Orb.
     0 | D:1      | Reached XP level 1. HP: 13/13 MP: 3/3
   448 | D:1      | Reached XP level 2. HP: 19/19 MP: 1/4
   523 | D:1      | Learned a level 2 spell: Throw Frost
  1517 | D:2      | Reached XP level 3. HP: 25/25 MP: 4/6
  1520 | D:2      | You fall through a shaft!
  1520 | D:3      | Noticed Sigmund
  1526 | D:3      | Noticed Grinder
  1831 | D:4      | Reached skill level 1 in Fighting
  1872 | D:4      | Learned a level 3 spell: Ozocubu's Armour
  1895 | D:4      | Noticed Ijyb
  1914 | D:4      | Killed Ijyb
  1914 | D:4      | Reached skill level 4 in Ice Magic
  1914 | D:4      | Reached XP level 4. HP: 20/32 MP: 0/8
  2143 | D:4      | Noticed an ogre
  2163 | D:3      | Paralysed by Grinder for 2 turns
  2206 | D:4      | Noticed an ogre
  2238 | D:4      | Slain by an ogre

Action                   |  1- 3 |  4- 6 || total
-------------------------+-------+-------++-------
Melee: Unarmed           |    37 |     2 ||    39
 Cast: Freeze            |    45 |     5 ||    50
       Throw Frost       |       |     1 ||     1
  Use: Scroll            |     4 |       ||     4
       Potion            |     1 |     1 ||     2
 Stab: Sleeping          |     1 |       ||     1
  Eat: Chunk             |     4 |     1 ||     5
